[Event "XVI Memorial Ezequiel Martin 2024"]
[Site "Mollet"]
[Date "2024.06.09"]
[Round "5.2"]
[White "Cruz, Filemon"]
[Black "Aloma Vidal, Robert"]
[Result "1/2-1/2"]
[ECO "A10"]
[WhiteElo "2247"]
[BlackElo "2428"]
[Annotator "RC"]
[PlyCount "70"]
[EventDate "2024.06.01"]
[EventType "swiss"]
[EventCountry "ESP"]
[SourceTitle "playchess.com"]
[Source "ChessBase"]
[SourceQuality "1"]
[TimeControl "900+5"]

1. c4 b6 2. Nf3 Bb7 3. e3 g6 4. Be2 Bg7 5. O-O c5 6. Nc3 Nf6 7. Qc2 O-O 8. b3 d5 9. cxd5 Nxd5 10. Bb2 Nc6 11. Nxd5 Qxd5 12. Bxg7 Kxg7 13. d3 Qd6 14. Rfd1 Rac8 15. a3 Qf6 16. Rac1 a5 17. Qc4 Rfd8 18. Bf1 Rd6 19. h3 Rcd8 20. Rd2 e5 21. Rcd1 Ne7 22. Be2 Nd5 23. Qc2 Nc7 24. Qb2 Re8 25. b4 cxb4 26. axb4 Bxf3 27. Bxf3 Ne6 28. Bg4 a4 29. Bxe6 Rexe6 30. b5 Qh4 31. Rc1 Rd5 32. Rc4 Qd8 33. d4 a3 34. Qxa3 Rxb5 35. Qc3 Rd6 1/2-1/2

[Event "XVI Memorial Ezequiel Martin 2024"]
[Site "Mollet"]
[Date "2024.06.09"]
[Round "5.3"]
[White "Valenzuela Gomez, Fernando"]
[Black "Garriga Cazorla, Pere"]
[Result "0-1"]
[ECO "B51"]
[WhiteElo "2358"]
[BlackElo "2471"]
[Annotator "TA"]
[PlyCount "64"]
[EventDate "2024.06.01"]
[EventType "swiss"]
[EventCountry "ESP"]
[SourceTitle "playchess.com"]
[Source "ChessBase"]
[SourceQuality "1"]
[TimeControl "900+5"]

1. e4 c5 2. Nf3 d6 3. Bb5+ Nd7 4. O-O a6 5. Be2 Ngf6 6. d3 e6 7. a4 b6 8. Nfd2 {[%emt 0:00:10] The position is equal.} d5 9. f4 dxe4 10. dxe4 Bb7 11. Nc3 Qc7 12. e5 Nd5 13. Nxd5 Bxd5 14. Bf3 Qc6 15. Bxd5 Qxd5 16. Qe2 {[%emt 0:00:00] Wards off c4} Be7 17. Ra3 Qc6 18. c4 Nf8 (18... f5 $14) 19. Qe4 (19. Ne4 $16) 19... Qxe4 $14 20. Nxe4 O-O-O 21. Be3 {[%emt 0:00:10] Prevents Rd4.} a5 $1 22. Rb3 Nd7 23. Bf2 Kc7 24. f5 exf5 (24... Nxe5 25. Bg3 f6 26. Ng5 $14 (26. fxe6 Kc6 $18)) 25. Nc3 {[%emt 0:00:05] Hoping for Nd5+.} Kc6 ({Don't play} 25... Nxe5 26. Bg3 f6 (26... f4 $2 27. Bxf4 Bf6 28. Nd5+ Rxd5 29. cxd5 $18) 27. Bxe5+ fxe5 28. Rxf5 $14) 26. Nd5 {[%emt 0:00:05] [#]} (26. Bg3 $1 $11) 26... Rde8 $1 $17 27. Bg3 g6 28. Rd3 {[%emt 0:00:10] [#]} (28. Rd1 $17) 28... Bd8 $2 ({Better is} 28... Bg5 $1 $19 29. Re1 Kb7 (29... f4 30. Nxf4 Nxe5 31. Rxe5 $11)) 29. Re1 $11 g5 {[%emt 0:00:05] Threatens to win with ...f4.} 30. Nc3 $1 Bc7 {[%emt 0:00:00][%cal Of5f4] Wards off Rd6+. Strongly threatening ...f4!} 31. Nb5 Bb8 {[%emt 0:00:00][%cal Of5f4] Prevents Na7+. White must now prevent ...f4!} 32. Red1 $2 (32. e6 $11 {and White has nothing to worry.} Rxe6 (32... fxe6 33. Bxb8 Nxb8 34. Nd6 $16) 33. Rxe6+ fxe6 34. Bxb8 Nxb8 35. Rd6+ Kb7 36. Rxe6) 32... Nxe5 {[%emt 0:00:00] Weighted Error Value: White=0.27 (precise) /Black=0.15 (very precise) .  Loses game:     	White=1     	---        Missed win:     	---       	Black=1      Mistake:       	White=3     	Black=1      Inaccurate:     	White=2     	Black=2      OK:         	White=9     	Black=12     Best:        	White=3     	Black=1      Strong:       	White=1     	Black=2} 0-1

[Event "XVI Memorial Ezequiel Martin 2024"]
[Site "Mollet"]
[Date "2024.06.09"]
[Round "5.4"]
[White "Diaz Camallonga, Carles"]
[Black "Valle Luis, Leo"]
[Result "1-0"]
[ECO "A36"]
[WhiteElo "2478"]
[BlackElo "2241"]
[Annotator "TA"]
[PlyCount "68"]
[EventDate "2024.06.01"]
[EventType "swiss"]
[EventCountry "ESP"]
[SourceTitle "playchess.com"]
[Source "ChessBase"]
[SourceQuality "1"]
[TimeControl "900+5"]

1. Nf3 c5 2. g3 g6 3. Bg2 Bg7 4. O-O Nc6 5. c4 d6 6. Nc3 e6 7. a3 Nge7 8. b4 O-O 9. Rb1 b6 10. Qc2 Bb7 11. bxc5 dxc5 {[%emt 0:00:02] The position is equal.} 12. Bb2 Qd7 13. e3 Rad8 14. Rfd1 Na5 15. d3 Rfe8 16. Ne1 Nf5 17. Ne4 Qe7 18. Bxg7 Nxg7 19. Qb2 {[%emt 0:00:18] [#] Nf6+ is the strong threat.} e5 20. Nc3 f5 21. Bxb7 Qxb7 22. Nd5 Nh5 {[%emt 0:00:05] Inhibits Nf6+.} 23. Qe2 Qf7 24. Nf3 Nc6 25. a4 Nf6 26. e4 Nd4 27. Nxd4 exd4 28. Qf3 Rd6 29. Qf4 (29. exf5 Nxd5 30. cxd5 Rxd5 $17 (30... gxf5 31. Re1 $16) (30... Qxd5 31. Qxd5+ Rxd5 32. fxg6 $11)) 29... Red8 30. f3 fxe4 (30... Qd7 $11) 31. fxe4 $14 {[%emt 0:00:03] [#] Black must now prevent Rf1. White is slightly better.} Nxd5 32. Qxf7+ ({Reject} 32. cxd5 Rf6 33. Qh4 Rf8 $11) 32... Kxf7 33. exd5 ({Don't play} 33. cxd5 Kf6 $11) 33... Re8 34. Re1 Rdd8 {[%emt 0:00:00] Weighted Error Value: White=0.06 (flawless) /Black=0.10 (very precise) .  Mistake:       	---       	Black=1      Inaccurate:     	White=1     	Black=2      OK:         	White=8     	Black=9} 1-0

[Event "XVI Memorial Ezequiel Martin 2024"]
[Site "Mollet"]
[Date "2024.06.09"]
[Round "5.5"]
[White "Narciso Dublan, Marc"]
[Black "Villa Tornero, Alex"]
[Result "1-0"]
[ECO "B24"]
[WhiteElo "2432"]
[BlackElo "2321"]
[Annotator "RC"]
[PlyCount "107"]
[EventDate "2024.06.01"]
[EventType "swiss"]
[EventCountry "ESP"]
[SourceTitle "playchess.com"]
[Source "ChessBase"]
[SourceQuality "1"]
[TimeControl "900+5"]

1. e4 c5 2. Nc3 e6 3. g3 Nc6 4. Bg2 Nf6 5. Nge2 Be7 6. d4 cxd4 7. Nxd4 Nxd4 8. Qxd4 d6 9. e5 dxe5 10. Qxe5 O-O 11. O-O Qd6 12. Qxd6 Bxd6 13. Rd1 Be5 14. Be3 Bd7 15. Rab1 Bxc3 16. bxc3 Bc6 17. Bxc6 bxc6 18. c4 h6 19. Rd6 Ne4 20. Rxc6 Rfc8 21. Rxc8+ Rxc8 22. Rb4 Nc3 23. Bxa7 Nxa2 24. Rb8 Rxb8 25. Bxb8 Nb4 26. c5 Kf8 27. c3 Nc6 28. Bd6+ Ke8 29. Kf1 Kd7 30. Ke2 Nd8 31. Bf8 f5 32. Bxg7 Nf7 33. f4 Kc6 34. Bd4 Kd5 35. Kf3 h5 36. Kg2 Nh6 37. Kh3 Ng4 38. Bg1 e5 39. fxe5 Nxe5 40. Be3 Ng6 41. Kg2 h4 42. gxh4 Nxh4+ 43. Kg3 Ng6 44. h4 Ke4 45. Bg1 Ne5 46. h5 f4+ 47. Kh3 Kf5 48. Bd4 Nc6 49. Bg7 f3 50. h6 Nd8 51. h7 Nf7 52. h8=Q Nxh8 53. Bxh8 Ke4 54. c6 1-0

[Event "XVI Memorial Ezequiel Martin 2024"]
[Site "Mollet"]
[Date "2024.06.09"]
[Round "5.6"]
[White "Fernandez Aguilar, Francisco"]
[Black "Ayats Llobera, Gerard"]
[Result "0-1"]
[ECO "E05"]
[WhiteElo "2054"]
[BlackElo "2466"]
[Annotator "RC"]
[PlyCount "128"]
[EventDate "2024.06.01"]
[EventType "swiss"]
[EventCountry "ESP"]
[SourceTitle "playchess.com"]
[Source "ChessBase"]
[SourceQuality "1"]
[TimeControl "900+5"]

1. Nf3 Nf6 2. c4 e6 3. g3 d5 4. d4 Be7 5. Bg2 dxc4 6. O-O O-O 7. Ne5 Nbd7 8. Nxc4 Nb6 9. Ne5 c6 10. Nc3 Nfd7 11. Nf3 Bd6 12. Ne4 Be7 13. Bf4 Nf6 14. Nc5 Nbd5 15. Bd2 b6 16. Nd3 Bb7 17. Nfe5 Nd7 18. Nxd7 Qxd7 19. Ne5 Qd8 20. Qa4 c5 21. dxc5 Bxc5 22. Nd7 Re8 23. Nxc5 bxc5 24. Rfd1 Qb6 25. a3 Bc6 26. Qc2 Rac8 27. Rac1 Bb7 28. e4 Nf6 29. Be3 Qb5 30. f3 Nd7 31. Bf4 c4 32. Kh1 Ba6 33. Bf1 Qb7 34. Bd6 h6 35. Qc3 Rc6 36. Bb4 Bb5 37. Bg2 e5 38. Qd2 Nb8 39. Bh3 Rf6 40. Qe3 Ba4 41. Rd2 Bb3 42. Bc3 Qc7 43. Rf1 Ba4 44. Rff2 a6 45. Rd5 Rd6 46. Rfd2 Rxd5 47. Rxd5 Bc6 48. Rd1 Bd7 49. Bxd7 Nxd7 50. Qd2 Nf8 51. Qd6 Qb7 52. Bxe5 Qb3 53. Bc3 Ne6 54. Qd2 Rd8 55. Qxd8+ Nxd8 56. Rxd8+ Kh7 57. Rd2 Qa2 58. Rd1 Qb3 59. Rd2 Qb6 60. Bd4 c3 61. Bxc3 Qe3 62. Kg2 g5 63. g4 h5 64. h3 h4 0-1

[Event "XVI Memorial Ezequiel Martin 2024"]
[Site "Mollet"]
[Date "2024.06.09"]
[Round "6.1"]
[White "Lazaro Pujol, Abel"]
[Black "Diaz Camallonga, Carles"]
[Result "1-0"]
[ECO "C17"]
[WhiteElo "2356"]
[BlackElo "2478"]
[Annotator "RC"]
[PlyCount "197"]
[EventDate "2024.06.01"]
[EventType "swiss"]
[EventCountry "ESP"]
[SourceTitle "playchess.com"]
[Source "ChessBase"]
[SourceQuality "1"]
[TimeControl "900+5"]

1. e4 e6 2. d4 d5 3. Nc3 Bb4 4. e5 c5 5. Bd2 Ne7 6. Nf3 Nbc6 7. a3 Bxc3 8. Bxc3 cxd4 9. Bxd4 Nf5 10. Bc3 d4 11. Bd2 Qd5 12. c4 Qe4+ 13. Qe2 Qxe2+ 14. Bxe2 f6 15. exf6 gxf6 16. b4 e5 17. Bd3 Nfe7 18. b5 Nd8 19. Bb4 b6 20. O-O-O Bb7 21. Nxd4 Rc8 22. Rhe1 Nf7 23. Nf5 Nxf5 24. Bxf5 Rxc4+ 25. Kb2 Bc8 26. Be4 Nd8 27. Bd5 Rf4 28. f3 Bb7 29. g3 Rf5 30. f4 Bxd5 31. Rxd5 Rg8 32. fxe5 Rf2+ 33. Kb1 Ne6 34. exf6 Rxf6 35. Rd6 Kf7 36. Rd7+ Kg6 37. Bc3 Nc5 38. Rxa7 Rd6 39. Rae7 Rc8 40. Bb4 Rf6 41. Bxc5 Rxc5 42. a4 Rc4 43. R1e6 Rxa4 44. Rxf6+ Kxf6 45. Rxh7 Rb4+ 46. Kc2 Rxb5 47. Kd3 Kg6 48. Rh8 Kg7 49. Rh4 Kg6 50. Ke3 Rb2 51. Kf3 Rb3+ 52. Kg2 b5 53. Rh8 Kg7 54. Rb8 Rb2+ 55. Kh3 Kg6 56. Rc8 Kg5 57. Rc5+ Kg6 58. g4 b4 59. Kg3 b3 60. h4 Rb1 61. Rc6+ Kg7 62. Rb6 b2 63. Kg2 Kh7 64. g5 Kg7 65. Kh2 Kh7 66. h5 Rc1 67. Rxb2 Rc5 68. Rg2 Rc3 69. Rg3 Rc4 70. Kh3 Kg7 71. Rg4 Rc1 72. Rf4 Rh1+ 73. Kg4 Rg1+ 74. Kf5 Ra1 75. Re4 Rf1+ 76. Rf4 Ra1 77. h6+ Kh7 78. Kf6 Ra6+ 79. Kf7 Ra7+ 80. Kf6 Ra6+ 81. Kf5 Ra1 82. Kg4 Rg1+ 83. Kh5 Rh1+ 84. Rh4 Rg1 85. Rh2 Rg3 86. Ra2 Rh3+ 87. Kg4 Rh1 88. Ra7+ Kg8 89. Kf5 Rb1 90. Re7 Rb5+ 91. Kf6 Rb6+ 92. Re6 Rb8 93. g6 Kh8 94. Rd6 Re8 95. Rd7 Kg8 96. Re7 Rf8+ 97. Kg5 Ra8 98. h7+ Kh8 99. Kh6 1-0

[Event "XVI Memorial Ezequiel Martin 2024"]
[Site "Mollet"]
[Date "2024.06.09"]
[Round "6.2"]
[White "Garriga Cazorla, Pere"]
[Black "Cruz, Filemon"]
[Result "1-0"]
[ECO "A30"]
[WhiteElo "2471"]
[BlackElo "2247"]
[Annotator "TA"]
[PlyCount "67"]
[EventDate "2024.06.01"]
[EventType "swiss"]
[EventCountry "ESP"]
[SourceTitle "playchess.com"]
[Source "ChessBase"]
[SourceQuality "1"]
[TimeControl "900+5"]

1. Nf3 c5 2. c4 Nf6 3. g3 b6 4. Bg2 Bb7 5. O-O e6 6. Nc3 Be7 7. Re1 O-O 8. e4 d6 9. d4 cxd4 10. Nxd4 Qc8 11. Be3 a6 12. Rc1 Nbd7 13. f4 Re8 14. g4 {[%emt 0:00:09][%cal Bg3g4,Bg4g5][%mdl 32] aiming for g5. White is slightly better.} Nf8 {[%emt 0:00:05] Black is on the road to losing.} (14... h6 $14) 15. g5 $16 N6d7 16. f5 {[%emt 0:00:15] White is more active.} Ne5 17. b3 Qd8 18. h4 $36 {[%emt 0:00:15][%mdl 2048] White is on the roll.} Nc6 (18... h6 $16) 19. Rf1 Qd7 (19... Nxd4 $16 {was worth a try.} 20. Bxd4 (20. Qxd4 Nd7 $16) 20... Nd7 21. fxe6 fxe6) 20. Nxc6 Qxc6 (20... Bxc6 {keeps fighting.} 21. f6 (21. Bxb6 exf5 22. Rxf5 f6 $16) 21... Bd8 22. fxg7 Kxg7) 21. f6 $18 Bd8 22. fxg7 Ng6 23. Qh5 {[%emt 0:02:14][%cal Of1f7] Rxf7! would now be deadly.} Qd7 24. Qh6 Bc7 25. h5 {[%emt 0:02:04][%cal Of1f6] And now Rf6! would win.} Ne5 26. Bh3 {[%emt 0:00:00] Prevents Ng4.} Qe7 (26... f5 $142 27. exf5 (27. gxf6 Nf7 $18) 27... exf5) 27. Rc2 b5 28. Rcf2 {[%emt 0:00:26] White threatens g6 and mate.} f5 29. gxf6 {[%emt 0:00:38] White mates.} Qf7 {[%emt 0:00:01] [#]} 30. Nd5 $1 Bd8 {[%emt 0:00:36] [#]} 31. Ne7+ $1 Bxe7 32. fxe7 Qxg7+ {[%emt 0:02:55] Black is weak on the dark squares} 33. Qxg7+ Kxg7 34. Rg2+ {[%emt 0:01:20] Weighted Error Value: White=0.27 (precise) /Black=0.82.  Mistake:       	---       	Black=5      Inaccurate:     	---       	Black=1      OK:         	White=7     	Black=2} 1-0

[Event "XVI Memorial Ezequiel Martin 2024"]
[Site "Mollet"]
[Date "2024.06.09"]
[Round "6.3"]
[White "Sanchez Aguilar, Arnau"]
[Black "Narciso Dublan, Marc"]
[Result "0-1"]
[ECO "C41"]
[WhiteElo "2151"]
[BlackElo "2432"]
[Annotator "RC"]
[PlyCount "68"]
[EventDate "2024.06.01"]
[EventType "swiss"]
[EventCountry "ESP"]
[SourceTitle "playchess.com"]
[Source "ChessBase"]
[SourceQuality "1"]
[TimeControl "900+5"]

1. e4 d6 2. d4 Nf6 3. Nc3 e5 4. Nf3 Nbd7 5. g3 Be7 6. Bg2 O-O 7. O-O Re8 8. Re1 c6 9. a4 b6 10. a5 b5 11. d5 cxd5 12. Nxd5 Nxd5 13. exd5 Nf6 14. Nxe5 dxe5 15. d6 Bg4 16. f3 Bf5 17. dxe7 Qxe7 18. Qe2 a6 19. Be3 Nd5 20. Bd4 exd4 21. Qxe7 Rxe7 22. f4 Rae8 23. Rxe7 Nxe7 24. Re1 Kf8 25. Bb7 Bxc2 26. Bxa6 d3 27. Bxb5 d2 28. Rf1 Rd8 29. Be2 d1=Q 30. Bxd1 Rxd1 31. Rxd1 Bxd1 32. b4 Be2 33. Kf2 Ba6 34. Ke3 Nc6 0-1

[Event "XVI Memorial Ezequiel Martin 2024"]
[Site "Mollet"]
[Date "2024.06.09"]
[Round "6.4"]
[White "Ayats Llobera, Gerard"]
[Black "Masague Artero, Guerau"]
[Result "1-0"]
[ECO "B06"]
[WhiteElo "2466"]
[BlackElo "2345"]
[Annotator "TA"]
[PlyCount "123"]
[EventDate "2024.06.01"]
[EventType "swiss"]
[EventCountry "ESP"]
[SourceTitle "playchess.com"]
[Source "ChessBase"]
[SourceQuality "1"]
[TimeControl "900+5"]

1. e4 g6 2. d4 Bg7 3. Nc3 d6 4. Be3 a6 5. f4 b5 6. Nf3 Bb7 7. Bd3 Nd7 8. e5 Nh6 {[%emt 0:00:20] B06: Modern Defence.} 9. Qe2 e6 10. O-O-O Nb6 11. a3 $146 ({Predecessor:} 11. Kb1 Qd7 12. h3 Nf5 13. Bf2 Ne7 14. Rhe1 O-O-O 15. Ne4 Ned5 16. Qd2 Kb8 17. g3 {0-1 Studer,N (2462)-Svidler,P (2759) Biel Exhibition blitz 2016 (5)}) 11... Nf5 12. Bf2 h5 13. Kb1 Nd5 14. Nxd5 Bxd5 15. h3 h4 16. Be4 Bxe4 17. Qxe4 d5 18. Qe2 Bf8 19. Nh2 Be7 20. Ng4 Kf8 21. Ne3 Qd7 22. Nxf5 exf5 23. Rhe1 Qe6 24. Qd3 Kg7 25. Rg1 Rab8 26. Be1 b4 27. a4 $1 Rhc8 28. Bf2 Rb6 29. Qf3 Qc6 30. b3 Qe6 31. g3 hxg3 32. Rxg3 (32. Qxg3 Rh8 $11) 32... Rc6 33. Qe2 (33. Be1 $16) 33... Rh8 $1 $11 34. Rdg1 Kf8 35. Rf3 Ke8 36. Kb2 Kd7 37. Rc1 Rc3 38. Be1 Rxf3 39. Qxf3 Rb8 40. Ka2 Rb7 (40... Qc6 $11) 41. h4 Rb8 42. h5 gxh5 43. Qxh5 Qg6 (43... Rg8 $14 {is superior.}) 44. Qf3 c6 45. Qd3 Ra8 46. c3 (46. Ka1 $16) 46... bxc3 (46... Qg2+ $11 {keeps the balance.} 47. Rc2 Qe4 48. Qxe4 fxe4) 47. Qxc3 (47. Rxc3 Qg2+ 48. Bd2 Qe4 $11) 47... Qe6 (47... Rc8 $16) 48. Qa5 $18 Bd8 49. Qb4 Bc7 $2 (49... Kc8 {is tougher.} 50. Qc5 Kb7) 50. Qb7 $18 Rb8 51. Qxa6 Rg8 52. Rc2 Rb8 53. Qa7 Kc8 54. b4 Bb6 55. Qa6+ Kd7 56. b5 Bxd4 57. bxc6+ (57. Qxc6+ Qxc6 58. Rxc6 Be3 59. Rd6+ Ke8 $18) (57. Rxc6 $142 Qe7 58. Ba5 (58. Rd6+ Ke8 $18) 58... Bxe5 59. fxe5 (59. Qa7+ Ke8 $18) 59... Qxe5 60. Rc7+ Qxc7 61. Bxc7 Kxc7 62. Qc6+ Kd8 63. Qd6+ (63. Qxd5+ Kc8 64. Qxf5+ Kd8 65. Qxf7 Rb6 66. Qd5+ Ke7 67. Qc5+ Rd6 $18) 63... Kc8 64. b6 (64. Qxd5 f4 $18)) 57... Ke8 58. c7 $2 (58. Rh2 $18 {Intending Rh8+ and mate.} Kf8 59. Rh8+ Kg7 60. Rxb8 Bxe5 61. fxe5 Qxe5 62. Rb3) 58... Rc8 $2 (58... Rb2+ $11 59. Rxb2 Qxa6 60. Rb8+ Kd7 61. c8=B+ (61. c8=Q+ Qxc8 62. Rxc8 Kxc8 $11) 61... Qxc8 62. Rxc8 Kxc8) 59. Qb5+ Qd7 60. Rc6 Be3 61. e6 Qe7 62. Rc2+ 1-0

[Event "XVI Memorial Ezequiel Martin 2024"]
[Site "Mollet"]
[Date "2024.06.09"]
[Round "6.5"]
[White "Perez Pastora, Evarist"]
[Black "Hernandez, Cristian Andres"]
[Result "0-1"]
[ECO "B33"]
[WhiteElo "2070"]
[BlackElo "2350"]
[Annotator "RC"]
[PlyCount "54"]
[EventDate "2024.06.01"]
[EventType "swiss"]
[EventCountry "ESP"]
[SourceTitle "playchess.com"]
[Source "ChessBase"]
[SourceQuality "1"]
[TimeControl "900+5"]

1. e4 c5 2. Nf3 Nc6 3. d4 cxd4 4. Nxd4 Nf6 5. Nxc6 bxc6 6. Bd3 e5 7. O-O d6 8. Kh1 Be7 9. f4 Nd7 10. Qh5 O-O 11. Nc3 Rb8 12. b3 Bf6 13. Bd2 exf4 14. Rad1 Ne5 15. h3 g5 16. Ne2 Bg7 17. Bc3 Qf6 18. Nd4 Qg6 19. Qe2 Re8 20. Nf3 g4 21. Ng1 gxh3 22. Rxf4 Bg4 23. Rxg4 Qxg4 24. Nxh3 Qxe2 25. Bxe2 Rbd8 26. Nf4 Ng6 27. Nxg6 Bxc3 0-1

[Event "XVI Memorial Ezequiel Martin 2024"]
[Site "Mollet"]
[Date "2024.06.09"]
[Round "6.6"]
[White "Aloma Vidal, Robert"]
[Black "Silva Cerda, Mark Valentin"]
[Result "1-0"]
[ECO "A13"]
[WhiteElo "2428"]
[BlackElo "1998"]
[Annotator "RC"]
[PlyCount "77"]
[EventDate "2024.06.01"]
[EventType "swiss"]
[EventCountry "ESP"]
[SourceTitle "playchess.com"]
[Source "ChessBase"]
[SourceQuality "1"]
[TimeControl "900+5"]

1. c4 e6 2. g3 d5 3. Bg2 Nf6 4. Nf3 Bd6 5. O-O O-O 6. b3 dxc4 7. bxc4 e5 8. Nc3 c6 9. Bb2 Na6 10. e3 Re8 11. d4 exd4 12. exd4 Bg4 13. h3 Bh5 14. Qb3 Rb8 15. Rfe1 Nc7 16. Rxe8+ Qxe8 17. Re1 Qd8 18. d5 b5 19. c5 Bxc5 20. Ne5 Qd6 21. g4 Bg6 22. Nxc6 Re8 23. Rxe8+ Nfxe8 24. Nxb5 Nxb5 25. Qxb5 h5 26. Be5 Qf8 27. Qb8 a5 28. Qd8 hxg4 29. hxg4 f6 30. Bg3 Bf7 31. Qxa5 g5 32. Qd8 Kg7 33. a4 Qh8 34. Ne7 Bxe7 35. Qxe7 Qh7 36. Be4 Qh3 37. Bf5 Kg8 38. Be6 Bxe6 39. Qxe8+ 1-0

[Event "XVI Memorial Ezequiel Martin 2024"]
[Site "Mollet"]
[Date "2024.06.09"]
[Round "7.1"]
[White "Garriga Cazorla, Pere"]
[Black "Lazaro Pujol, Abel"]
[Result "1-0"]
[ECO "D38"]
[WhiteElo "2471"]
[BlackElo "2356"]
[Annotator "TA"]
[PlyCount "75"]
[EventDate "2024.06.01"]
[EventType "swiss"]
[EventCountry "ESP"]
[SourceTitle "playchess.com"]
[Source "ChessBase"]
[SourceQuality "1"]
[TimeControl "900+5"]

1. d4 d5 2. c4 e6 3. Nf3 Nf6 4. Nc3 Bb4 5. Qa4+ Nc6 6. a3 Bxc3+ 7. bxc3 Bd7 8. Qc2 O-O 9. Bg5 h6 10. Bh4 {[%emt 0:00:01] The position is equal.} Na5 11. cxd5 exd5 12. e3 c5 13. Ne5 Be6 14. Bd3 Rc8 15. O-O Nc6 (15... g5 $11 16. Bg3 c4) 16. Qb1 $14 Nxe5 17. dxe5 g5 $1 18. Bg3 {[%emt 0:00:00] White is more active.} Nh5 19. f4 f5 ({Black should try} 19... Nxg3 20. hxg3 Qe7) 20. Qxb7 $16 Rf7 (20... c4 $16) 21. Qa6 $18 Qe8 22. Rab1 Rg7 23. Rb7 Rg6 $2 {[%emt 0:00:55] [#] Black is weak on the dark squares} (23... c4) 24. Bb5 (24. Rxa7 gxf4 25. Bb5 (25. exf4 Nxg3 26. hxg3 c4 $18) (25. Bxf4 d4 $18) 25... Bd7 $18) (24. Be2 $18 Ng7 25. Qxa7 (25. Rxa7 gxf4 26. Bxf4 d4 $18)) 24... Qf8 $2 {[%emt 0:00:00] Loses the game.} (24... Bd7 $16 25. Qa4 (25. Qxa7 $2 Bxb5 26. Re7 Qc6 $19) 25... Bxb5 26. Qxb5 Qxb5 27. Rxb5 gxf4) 25. Bd7 ({Resist} 25. Qxa7 Rg7 26. a4 Kh8 27. Rxg7 Nxg7 $18) ({Don't do} 25. Rxa7 Bf7 $18) 25... Bf7 (25... Qf7 $142) 26. e6 (26. Qxa7 Ra8 27. Bxf5 Rxa7 (27... Ra6 $2 28. Bh7+ Kg7 29. Rxf7+ Qxf7 30. Qxf7+ Kxf7 31. Be1 $18) 28. Rxa7 Qb8 $19) 26... Rd8 27. exf7+ Qxf7 28. Qxa7 {[%emt 0:00:00] [#] fxg5 would now be deadly.} gxf4 29. exf4 Nxg3 30. hxg3 {[%emt 0:00:00] White threatens Re1 and mate.} Rxg3 31. Rb8 Rxb8 32. Qxb8+ Kh7 33. Qc8 Kg7 34. Bxf5 Qf6 35. Qd7+ Qf7 36. Qxf7+ {[%emt 0:00:00] White is clearly winning.} Kxf7 37. Rc1 Kf6 38. Kf2 {[%emt 0:00:00] Weighted Error Value: White=0.27 (precise) /Black=0.63.  Loses game:     	---       	Black=1      Missed win:     	White=1     	---        Mistake:       	---       	Black=5      Inaccurate:     	---       	Black=2      OK:         	White=11    	Black=4      Best:        	White=1     	---        Strong:       	---       	Black=1} 1-0